 Dungeon Crawl Stone Soup version 0.19-a0-965-g50bf062 (webtiles) character file.

394 HAL9000 the Basher (level 6, 0/61 HPs)
             Began as an Ogre Hunter on July 12, 2016.
             Splashed by a jelly's acid (2 damage)
             ... on level 4 of the Dungeon.
             The game lasted 00:05:40 (3514 turns).

HAL9000 the Basher (Ogre Hunter)                    Turns: 3514, Time: 00:05:41

Health: 0/61       AC: -5    Str: 19    XL:     6   Next: 81%
Magic:  6/6        EV: 10    Int: 10    God:
Gold:   235        SH:  0    Dex: 11    Spells: 0 memorised, 5 levels left

rFire  . . .     SeeInvis .     w - +0 whip
rCold  . . .     Gourm    .     b - +0 robe
rNeg   . . .     Faith    .     (no shield)
rPois  .         Spirit   .     (helmet restricted)
rElec  .         Dismiss  .     (no cloak)
rCorr  .         Reflect  .     (gloves unavailable)
SustAt .         Harm     .     (boots unavailable)
MR     .....                    l - amulet of rage
Stlth  +.........               (no ring)
                                (no ring)

@: corroded, not resistant to hostile enchantments, very unstealthy
A: unfitting armour, tough skin 1
a: Evoke Berserk Rage


You were on level 4 of the Dungeon.
You were not hungry.

You visited 1 branch of the dungeon, and saw 4 of its levels.

You collected 235 gold pieces.

Inventory:

Hand Weapons
 h - a +0 club
 w - a +0 whip (weapon)
Missiles
 c - 5 large rocks (quivered)
 d - 4 throwing nets
Armour
 b - a +0 robe (worn)
 m - a fire dragon hide
Jewellery
 l - an amulet of rage (around neck)
Scrolls
 g - 3 scrolls of magic mapping {unknown}
 i - 3 scrolls of enchant armour {unknown}
 j - a scroll of noise {unknown}
 n - a scroll of amnesia {unknown}
 o - 2 scrolls of remove curse {unknown}
 q - 2 scrolls of recharging {unknown}
 y - a scroll of teleportation {unknown}
Potions
 e - a potion of cure mutation {unknown}
 k - a potion of ambrosia {unknown}
 p - 2 potions of curing {unknown}
 r - 2 potions of flight {unknown}
 s - a potion of invisibility {unknown}
 t - 2 potions of brilliance {unknown}
 v - 3 potions of lignification {unknown}
 x - a potion of heal wounds {unknown}
Comestibles
 f - 6 bread rations
 z - a chunk of flesh


   Skills:
 + Level 3.4 Fighting
 * Level 8.2 Maces & Flails
 - Level 4.0 Throwing
 + Level 2.2 Dodging
 - Level 0.7 Stealth


You had 5 spell levels left.
You didn't know any spells.

Dungeon Overview and Level Annotations

Branches:
Dungeon (4/15)
 Temple: D:4-7

Altars:
Dithmenos
Fedhas
Kikubaaqudgha
Yredelemnul


Innate Abilities, Weirdness & Mutations

You are too large for most types of armour.
You have tough skin. (AC +1)


Message History

The jelly is severely wounded.
The jelly hits you.
You are splashed with acid!
The acid burns!
You hit the jelly. The acid corrodes you!
Your hands burn!
The jelly is severely wounded.
The jelly closely misses you.
You hit the jelly.
Your hands burn!
The jelly is almost dead.
You hit the jelly but do no damage. The acid corrodes you!
Your hands burn!
* * * LOW HITPOINT WARNING * * *
The jelly is almost dead.
The jelly closely misses you.
You hit the jelly but do no damage.
Your hands burn!
* * * LOW HITPOINT WARNING * * *
The jelly is almost dead.
The jelly hits you.
* * * LOW HITPOINT WARNING * * *
You are splashed with acid!
The acid burns!
* * * LOW HITPOINT WARNING * * *
You hit the jelly but do no damage.
Your hands burn!
You die...

#.###.#
#.####.###.####
#.....#
#.#..........##
#.#####
#..............
#.#.##
###.########.##
##.###.######..# .
#.# ##........##
.##
##.###.####.....##
...
#..#.####......<#
.## #.##
#@........#
#.#####J......##
#...............
#................
#..........<.......
#####..........###
#.#%..##.#.#
#.##.## .#.# .....#
.# #


You could see a jelly.

Vanquished Creatures
  Eustachio (D:4)
  The ghost of Dominolapin the Shield-Bearer, an amateur DsFi (D:4)
  A worker ant (D:4)
  2 adders
  3 oozes
  4 dart slugs
  3 giant geckos
  A giant cockroach (D:1)
  12 hobgoblins
  6 jackals
  2 kobolds
  A quokka (D:3)
  2 bats
  4 giant newts
  5 goblins
  7 rats
55 creatures vanquished.

Notes
Turn   | Place    | Note
-------+----------+-------------------------------------------
     0 | D:1      | HAL9000 the Ogre Hunter began the quest for the Orb.
     0 | D:1      | Reached XP level 1. HP: 22/22 MP: 1/1
   369 | D:1      | Reached XP level 2. HP: 31/31 MP: 2/2
   449 | D:1      | Reached skill level 1 in Maces & Flails
   823 | D:1      | Reached skill level 2 in Maces & Flails
   823 | D:1      | Reached XP level 3. HP: 29/37 MP: 3/3
  1610 | D:2      | Reached skill level 3 in Maces & Flails
  1706 | D:2      | Found a shadowy altar of Dithmenos.
  2126 | D:3      | Reached XP level 4. HP: 31/45 MP: 4/4
  2173 | D:2      | Reached skill level 4 in Maces & Flails
  2630 | D:3      | Found a blossoming altar of Fedhas.
  2632 | D:3      | Found an ancient bone altar of Kikubaaqudgha.
  2764 | D:3      | Found a basalt altar of Yredelemnul.
  3019 | D:4      | Noticed Dominolapin's ghost (amateur DsFi)
  3044 | D:4      | Killed Dominolapin's ghost
  3044 | D:4      | Reached skill level 6 in Maces & Flails
  3044 | D:4      | Reached XP level 5. HP: 6/53 MP: 5/5
  3383 | D:4      | Reached XP level 6. HP: 61/61 MP: 6/6
  3398 | D:4      | Noticed Eustachio
  3410 | D:4      | Killed Eustachio
  3410 | D:4      | Reached skill level 8 in Maces & Flails
  3513 | D:4      | HP: 2/61 [acid (10)]
  3514 | D:4      | Splashed by a jelly's acid

Vault maps used:
D:1:      minmay_arrival_stone_box
D:2:      lemuel_crystal_altar
D:3:      grunt_temple_overflow_growth_and_decay, yredelemnul_altar_generic,
          first_bread
D:4:      nicolae_overflow_crystal_walls, minitemple, uniq_eustachio

Skill      XL: |  1  2  3  4  5  6 |
---------------+-------------------+-----
Fighting       | 3 |  3.4
Dodging        | 2 |  2.2
Maces & Flails | 2 3 6 8 |  8.2
Throwing       | |  4.0
Stealth        | |  0.7

Action                   |  1- 3 |  4- 6 || total
-------------------------+-------+-------++-------
Melee: Short sword       |    28 |       ||    28
       Club              |   124 |       ||   124
       Whip              |       |   112 ||   112
Throw: Large rock        |     3 |     8 ||    11
       Throwing net      |       |     4 ||     4
  Use: Potion            |       |     3 ||     3
 Stab: Sleeping          |     1 |       ||     1
       Distracted        |       |     1 ||     1
  Eat: Chunk             |     3 |     5 ||     8
       Pizza             |       |     1 ||     1
Armor: Robe              |    51 |    17 ||    68
Dodge: Dodged            |    82 |    57 ||   139
